 Dungeon Crawl Stone Soup version 0.30-a0-1160-g6e42c06551 (webtiles) character file.

Game seed: 754937072544422592

3084 kae the Transmogrifier (level 9, -2/64 HPs)
             Began as a Demigod Transmuter on Apr 25, 2023.
             Slain by an ice beast (5 damage)
             ... on level 8 of the Dungeon.
             The game lasted 00:06:41 (7814 turns).

kae the Transmogrifier (Demigod Transmuter)         Turns: 7814, Time: 00:06:42

Health: -2/64      AC:  6    Str: 11    XL:     9   Next: 33%
Magic:  14/20      EV: 12    Int: 31    God:
Gold:   291        SH:  0    Dex: 14    Spells: 3/18 levels left

rFire   . .          .
                       - Unarmed
rCold   + . .        (shield currently unavailable)
rNeg    . . .        a - +0 robe
rPois   .            (no helmet)
rElec   .            (no cloak)
rCorr   .            (gloves currently unavailable)
SInv    .            (no boots)
Will    .....        (no amulet)
Stlth   +            L - ring of flight
HPRegen 0.30/turn    w - ring "Ropott" {rC+ AC+4 Int+4}
MPRegen 0.17/turn

%: no passive effects
@: blade hands, wereblooded, flying
A: high MP 1, forlorn, divine attributes
a: End Transformation


You were on level 8 of the Dungeon.
You had blades for hands.
You visited 1 branch of the dungeon, and saw 8 of its levels.

You collected 291 gold pieces.


Innate Abilities, Weirdness & Mutations

You have blades for hands.
Your spellcasting is less reliable in this form.
You are incapable of wielding weapons or throwing items.
You have an increased reservoir of magic. (+10% MP)
You shall have no god before yourself.
Your divine heritage dramatically boosts your attributes as you level up.


   Skills:
 + Level 1.1 Fighting
 + Level 1.9 Dodging
 * Level 2.9 Unarmed Combat
 - Level 5.1 Spellcasting
 - Level 9.1 Transmutations
 - Level 6.0 Ice Magic
 - Level 2.0 Poison Magic


You had 3 spell levels left.
You knew the following spells:

 Your Spells              Type           Power      Damage    Failure   Level
a - Beastly Appendage     Tmut           100%       N/A       8%          1
b - Wereblood             Tmut           59%        N/A       9%          2
c - Spider Form           Tmut/Pois      42%        N/A       19%         3
d - Ice Form              Ice/Tmut       53%        N/A       22%         4
e - Blade Hands           Tmut           29%        N/A       28%         5

Your spell library contained the following spells:

 Spells                   Type           Power      Damage    Failure   Level
 Sting                    Tmut/Pois      100%       1d8       12%         1
 Poisonous Vapours        Pois/Air       28%        N/A       34%         2
 Scorch                   Fire           14%        2d5       43%         2
 Sublimation of Blood     Necr           7%         N/A       43%         2
 Mephitic Cloud           Conj/Pois/Air  12%        N/A       50%         3
 Portal Projectile        Hex/Tloc       14%        N/A       56%         3
 Tukima's Dance           Hex            7%         N/A       56%         3
 Petrify                  Tmut/Erth      36%        N/A       43%         4
 Flame Wave               Conj/Fire      7%         2d5       86%         4
 Summon Cactus Giant      Summ           3%         N/A       100%        6
 Summon Hydra             Summ           3%         N/A       100%        7

Inventory:

Missiles
 b - 57 stones
 d - 6 poisoned darts
 l - 9 boomerangs
 q - a throwing net {=f!f}
Armour
 a - a +0 robe (worn)
Jewellery
 w - the ring "Ropott" (right blade hand) {rC+ AC+4 Int+4}
   (You acquired it on level 7 of the Dungeon)

   [ring of protection]

   AC:        It affects your AC (+4).
   Int:       It affects your intelligence (+4).
   rC:        It protects you from cold.
 F - a ring of protection from fire
   (You found it on level 3 of the Dungeon)
 L - a ring of flight (left blade hand)
   (You found it on level 2 of the Dungeon)
 T - an amulet of faith {!P}
   (You found it on level 1 of the Dungeon)
Wands
 j - a wand of flame (42)
   (You took it off Ijyb on level 3 of the Dungeon)
 z - a wand of mindburst (10)
   (You found it on level 6 of the Dungeon)
Scrolls
 e - 6 scrolls of teleportation {@r4}
 m - a scroll of torment {!r}
 n - a scroll of blinking {!r}
 o - a scroll of summoning
 p - a scroll of magic mapping {!r}
 r - 2 scrolls of immolation {!r!r}
 x - a scroll of fear
Potions
 c - 3 potions of heal wounds {@q2}
 f - a potion of haste {@q3}
 g - 3 potions of attraction {unknown}
 h - 4 potions of berserk rage {!q}
 i - a potion of flight
 k - 2 potions of brilliance
 s - a potion of degeneration {unknown}
 t - 2 potions of lignification {!q}
 u - 2 potions of ambrosia
 v - 2 potions of curing {@q1}

Dungeon Overview and Level Annotations

Branches:
Dungeon (8/15) Zot: 26352  Temple (0/1) D:6
   Lair: D:8-11

Shops:
D:8 [

Annotations:
D:7 1 transporter, morax's ghost, novice FoFi

# ###.
###.......∩......#
# ..
#......###########
## #.>.#....#
.##.# .. #....#
....# ##....#
##### #.....#
#...$.#
...##...#####
#....Y@..~~#
.......Yh.....#
######
~....##.##.....#
Y..Y.. ..... ...
...... ...>.. ...#
#... ...... ######
... ##.# ..... ..
... #.#.. [.# ..
.~.. ..#


You could see a polar bear and 2 ice beasts.


Message History

You see here 13 gold pieces.
A wolf is nearby!
A wolf is nearby!
Casting: Wereblood (safe; 1% risk of failure)
Confirm with . or Enter, or press ? or * to list all spells.
Your hands turn into razor-sharp scythe blades. 😎 MP[-5]
You lost 5 mp, and now have 15/20 mp.
The wolf barely misses you.
You closely miss the wolf. The wolf bites you.
You slice the wolf!! The wolf bites you. The wolf barely misses you. 😕 HP[-4]
You take 4 damage, and now have 59/63 hp.
You slash the wolf!
You kill the wolf!
Your Fighting skill increases to level 1!
No target in view! 😕 HP[+1] MP[+1]
You now have 64 max hp (+1).
No target in view!
No target in view!
Key pressed, stopping explore.
No target in view!
No target in view! 😎 HP[+4] MP[+2]
Your hp is fully restored (64).
You regained 2 mp, and now have 18/20 mp.
Your transformation is almost over.
A polar bear comes into view. 😎 MP[+1]
A polar bear is nearby!
A polar bear is nearby!
An ice beast comes into view. 😎 MP[+1]
Your mp is fully restored (20).
Casting: Blade Hands (quite dangerous; 28% risk of failure)
Confirm with . or Enter, or press ? or * to list all spells.
Your blood is infused with primal strength.
An ice beast comes into view. 😎 MP[-2]
You lost 2 mp, and now have 18/20 mp.
You barely miss the polar bear. The polar bear bites you.
The polar bear closely misses you.
The polar bear claws you but does no damage.
You hit the polar bear but do no damage.
The polar bear misses you. The polar bear claws you. x2 😕 HP[-11]
You take 11 damage, and now have 53/64 hp.
You slash the polar bear!
Your hands revert to their normal proportions.
The polar bear closely misses you. The polar bear claws you.
The polar bear claws you but does no damage.
You hit the polar bear but do no damage.
The polar bear bites you.
The polar bear claws you. x2 😮 HP[-12] MP[+1]
You take 12 damage, and now have 41/64 hp.
You are too injured to fight recklessly!
You are too injured to fight recklessly!
You are too injured to fight recklessly!
You are too injured to fight recklessly!
Unknown command.
Casting: Wereblood (safe; 1% risk of failure)
Confirm with . or Enter, or press ? or * to list all spells.
Your hands turn into razor-sharp scythe blades.
The polar bear bites you.
The polar bear barely misses you. x2 😮 HP[-3] MP[-5]
You take 3 damage, and now have 38/64 hp.
You lost 5 mp, and now have 14/20 mp.
Unknown command.
You slash the polar bear!
The ice beast hits you but does no damage.
The polar bear bites you.
The polar bear claws you but does no damage. x2
The ice beast hits you but does no damage. 😮 HP[-4]
You take 4 damage, and now have 34/64 hp.
You slash the polar bear! The ice beast barely misses you.
The polar bear bites you!
* * * LOW HITPOINT WARNING * * *
The polar bear claws you but does no damage.
The polar bear barely misses you.
The ice beast completely misses you. 😨 HP[-16]
You take 16 damage, and now have 18/64 hp.
MASSIVE DAMAGE!! (PAUSE)
You barely miss the polar bear. The ice beast hits you.
* * * LOW HITPOINT WARNING * * *
The ice beast freezes you! You resist.
* * * LOW HITPOINT WARNING * * *
The polar bear closely misses you. The polar bear barely misses you.
The polar bear closely misses you. The ice beast hits you.
* * * LOW HITPOINT WARNING * * *
The ice beast freezes you. You resist.
* * * LOW HITPOINT WARNING * * *
😱 HP[-14]
You take 14 damage, and now have 4/64 hp.
MASSIVE DAMAGE!! (PAUSE)
You slash the polar bear! The ice beast hits you.
* * * LOW HITPOINT WARNING * * *
The ice beast freezes you. You resist.
You die...

Skill      XL: |  1  2  3  4  5  6  7  8  9 |
---------------+----------------------------+-----
Transmutations | 2 3 4 5 7 9 |  9.1
Spellcasting   | 2 3 4 5 |  5.1
Poison Magic   | 1 2 |  2.0
Ice Magic      | 2 3 6 |  6.0
Fighting       | 1 |  1.1
Dodging        | |  1.9
Unarmed Combat | |  2.9

Action                     |  1- 3 |  4- 6 |  7- 9 || total
---------------------------+-------+-------+-------++-------
  Melee: Unarmed           |   139 |   112 |   247 ||   498
         Kick              |    37 |     1 |       ||    38
         Headbutt          |    15 |     2 |       ||    17
         Punch             |     1 |     1 |       ||     2
   Cast: Beastly Appendage |    27 |     4 |       ||    31
         Wereblood         |     2 |     2 |    10 ||    14
         Spider Form       |       |    20 |     2 ||    22
         Ice Form          |       |       |    27 ||    27
         Blade Hands       |       |       |     4 ||     4
    Use: Potion            |     1 |       |     1 ||     2
         Scroll            |     7 |     6 |     7 ||    20
   Stab: Sleeping          |     3 |       |       ||     3
         Distracted        |       |     1 |       ||     1
 Armour: Skin              |    12 |     5 |    94 ||   111
         Robe              |    20 |     3 |    13 ||    36
  Dodge: Dodged            |    96 |    86 |   133 ||   315

Levels and vault maps discovered:
D:1:      scummos_arrival_gate, layout_basic, minmay_bisected
D:2:      layout_basic, minmay_distorted
D:3:      mumra_celtic_spiral_tile, layout_loops_ring, uniq_ijyb
D:4:      layout_loops_cross, kennysheep_mini, minmay_crystal_water,
          kennysheep_generic_room_11
D:5:      black_bear_nest_1, layout_basic
D:6:      layout_basic, temple_doors_ab
D:7:      layout_basic, gammafunk_ghost_smash
D:8:      layout_rooms, fedhas_ov_isle_minmay,
          mainiacjoe_overflow_cross_hatched,
          gammafunk_temple_overflow_forgotten, hellmonk_lair_entry_icy,
          serial_shops, shop, minmay_fractal_squares_diagonal_5

Notes
Turn   | Place    | Note
-------+----------+-------------------------------------------
     0 | D:1      | kae the Demigod Transmuter began the quest for the Orb.
     0 | D:1      | Reached XP level 1. HP: 15/15 MP: 5/5
     0 | D:1      | magus.rc [v1.11.3]
    83 | D:1      | Reached skill level 2 in Transmutations
    84 | D:1      | Reached skill level 2 in Spellcasting
    89 | D:1      | HP: 2/22 [frozen (5)]
    91 | D:1      | Reached XP level 2. HP: 4/22 MP: 5/7
   233 | D:1      | You fall into a shaft and drop 1 floor!
   393 | D:1      | You add the spells Sting, Poisonous Vapours, Mephitic Cloud
                  | and Petrify to your library.
   393 | D:1      | Got the Secrets of Viridian Transformation
   446 | D:1      | Reached XP level 3. HP: 22/27 MP: 7/9
   450 | D:1      | Learned a level 3 spell: Spider Form
   453 | D:1      | Learned a level 2 spell: Wereblood
  1158 | D:2      | Reached skill level 1 in Poison Magic
  1509 | D:3      | Reached XP level 4. HP: 34/34 MP: 6/10
  1572 | D:3      | Noticed Ijyb
  1585 | D:3      | HP: 6/34 [Ijyb/puff of flame (9)]
  1587 | D:3      | Killed Ijyb
  1588 | D:3      | Reached skill level 3 in Transmutations
  1836 | D:3      | You pick up a book of Weapons and begin reading...
  1836 | D:3      | You add the spells Tukima's Dance, Portal Projectile and
                  | Blade Hands to your library.
  2185 | D:3      | Reached skill level 3 in Spellcasting
  2185 | D:3      | Reached skill level 2 in Poison Magic
  2726 | D:4      | Noticed a black bear
  2737 | D:4      | Killed a black bear
  2738 | D:4      | Reached XP level 5. HP: 20/39 MP: 8/13
  2837 | D:4      | Noticed an ogre
  2846 | D:4      | Killed an ogre
  2847 | D:4      | Reached skill level 4 in Transmutations
  2847 | D:4      | Reached XP level 6. HP: 46/46 MP: 10/15
  2932 | D:4      | Learned a level 4 spell: Ice Form
  3145 | D:4      | Reached skill level 4 in Spellcasting
  3443 | D:4      | HP: 10/46 [acid (5)]
  3648 | D:4      | Reached skill level 1 in Ice Magic
  3835 | D:5      | Entered Level 5 of the Dungeon
  4074 | D:5      | Reached skill level 2 in Ice Magic
  4074 | D:5      | Reached XP level 7. HP: 50/51 MP: 14/17
  4181 | D:5      | Reached skill level 5 in Transmutations
  4182 | D:5      | HP: 11/51 [poisoned by a water moccasin]
  4187 | D:5      | HP: 5/51 [poisoned by a water moccasin]
  4558 | D:5      | Reached skill level 5 in Spellcasting
  4558 | D:5      | Reached skill level 3 in Ice Magic
  4905 | D:5      | You pick up a book of Blood and begin reading...
  4905 | D:5      | You add the spells Sublimation of Blood and Summon Hydra to
                  | your library.
  5046 | D:5      | Learned a level 5 spell: Blade Hands
  5463 | D:6      | Reached XP level 8. HP: 37/58 MP: 15/19
  5639 | D:6      | Reached skill level 6 in Transmutations
  5639 | D:6      | Reached skill level 4 in Ice Magic
  6000 | D:6      | Identified the +10 quarterstaff of Saola {freeze, Will+
                  | rCorr}
  6048 | D:6      | Found a staircase to the Ecumenical Temple.
  6060 | D:6      | Reached skill level 5 in Ice Magic
  6196 | D:7      | Identified a scroll of acquirement
  6196 | D:7      | Acquired the ring "Ropott" {rC+ AC+4 Int+4}
  6333 | D:7      | Reached skill level 7 in Transmutations
  6439 | D:7      | You pick up a book of Scorching and begin reading...
  6439 | D:7      | You add the spells Scorch, Flame Wave and Summon Cactus
                  | Giant to your library.
  6753 | D:7      | Found a transporter.
  6754 | D:7      | Noticed morax's ghost (novice FoFi)
  6756 | D:7      | Identified the +8 giant spiked club "Meytoner" {flame,
                  | Dex+6}
  6941 | D:7      | Reached skill level 6 in Ice Magic
  7258 | D:8      | Noticed a polar bear
  7264 | D:8      | Reached XP level 9. HP: 63/63 MP: 15/20
  7273 | D:8      | Reached skill level 8 in Transmutations
  7273 | D:8      | Noticed a rime drake
  7400 | D:8      | HP: 10/63 [yak (14)]
  7590 | D:8      | Found Waeckove's Armour Emporium.
  7608 | D:8      | Reached skill level 9 in Transmutations
  7779 | D:8      | Reached skill level 1 in Fighting
  7813 | D:8      | HP: 11/64 [ice beast (7)]
  7813 | D:8      | HP: 4/64 [ice beast (5)]
  7814 | D:8      | Slain by an ice beast

Vanquished Creatures
  4 yaks (D:8)
  2 water moccasins
  2 ice beasts
  A sky beast (D:7)
  4 black bears
  6 ogres
  A wolf (D:8)
  A phantom (D:6)
  2 bullfrogs (D:8)
  A gnoll sergeant (D:8)
  A scorpion (D:6)
  3 orc priests (D:6)
  3 jellies
  Ijyb (D:3)
  5 iguanas
  5 orc wizards
  4 gnolls (D:8)
  10 adders
  3 white imps
  A worm (D:2)
  3 dart slugs
  24 orcs
  13 ball pythons
  7 endoplasms
  4 giant cockroaches
  7 goblins
  6 hobgoblins
  6 jackals
  6 quokkas
  6 bats
  2 frilled lizards (D:2)
  6 kobolds
  8 rats
158 creatures vanquished.

Vanquished Creatures (others)
  3 plants (D:8)
3 creatures vanquished.

Grand Total: 161 creatures vanquished

Table legend:
 A = Non-vault XP
 B = Vault XP
 C = Vault XP percentage of total XP
 D = Non-vault monster count
 E = Vault monster count
 F = Vault count percentage of total count
                 A         B        C        D         E       F
            +---------+---------+-------+---------+---------+-------
      Total |    4117 |     289 |   6.6 |     149 |       9 |   5.7
            +---------+---------+-------+---------+---------+-------
        D:1 |      58 |       4 |   6.5 |      35 |       2 |   5.4
        D:2 |      48 |       5 |   9.4 |      13 |       3 |  18.8
        D:3 |      57 |      36 |  38.7 |      12 |       1 |   7.7
        D:4 |     502 |       1 |   0.2 |      24 |       1 |   4.0
        D:5 |     590 |     128 |  17.8 |      15 |       1 |   6.2
        D:6 |    1002 |       0 |   0.0 |      22 |       0 |   0.0
        D:7 |     718 |       0 |   0.0 |      17 |       0 |   0.0
        D:8 |    1142 |     115 |   9.1 |      11 |       1 |   8.3
            +---------+---------+-------+---------+---------+-------

Skill      XL: |  1  2  3  4  5  6  7  8  9 |
---------------+----------------------------+-----
Transmutations | 2 3 4 5 7 9 |  9.1
Spellcasting   | 2 3 4 5 |  5.1
Poison Magic   | 1 2 |  2.0
Ice Magic      | 2 3 6 |  6.0
Fighting       | 1 |  1.1
Dodging        | |  1.9
Unarmed Combat | |  2.9

Action                     |  1- 3 |  4- 6 |  7- 9 || total
---------------------------+-------+-------+-------++-------
  Melee: Unarmed           |   139 |   112 |   247 ||   498
         Kick              |    37 |     1 |       ||    38
         Headbutt          |    15 |     2 |       ||    17
         Punch             |     1 |     1 |       ||     2
   Cast: Beastly Appendage |    27 |     4 |       ||    31
         Wereblood         |     2 |     2 |    10 ||    14
         Spider Form       |       |    20 |     2 ||    22
         Ice Form          |       |       |    27 ||    27
         Blade Hands       |       |       |     4 ||     4
    Use: Potion            |     1 |       |     1 ||     2
         Scroll            |     7 |     6 |     7 ||    20
   Stab: Sleeping          |     3 |       |       ||     3
         Distracted        |       |     1 |       ||     1
 Armour: Skin              |    12 |     5 |    94 ||   111
         Robe              |    20 |     3 |    13 ||    36
  Dodge: Dodged            |    96 |    86 |   133 ||   315

Illustrated notes

Table legend:
 A = Kills in this place as a percentage of kills in the entire game.
 B = Kills by you in this place as a percentage of kills by you in the entire game.
 C = Kills by friends in this place as a percentage of kills by friends in the entire game.
 D = Other kills in this place as a percentage of other kills in the entire game.
 E = Experience gained in this place as a percentage of experience gained in the entire game.
 F = Experience gained in this place divided by the number of levels of this place that you have seen.
                   A       B       C       D       E      F
               +-------+-------+-------+-------+-------+----------------------
         Total | 100.0 | 100.0 |   N/A |   N/A | 100.0 | 550.8
       Dungeon | 100.0 | 100.0 |   N/A |   N/A | 100.0 | 550.8
               +-------+-------+-------+-------+-------+----------------------

Table legend: (Time is in decaauts)
 A = Elapsed time spent in this place.
 B = Non-inter-level travel time spent in this place.
 C = Inter-level travel time spent in this place.
 D = Time resting spent in this place.
 E = Time spent auto-exploring this place.
 F = Levels seen in this place.
 G = Mean time per level.
                   A        B        C        D        E       F      G
               +--------+--------+--------+--------+--------+-----+--------+
         Total |   7788 |   7532 |    256 |    356 |   5954 |   8 |  973.5 |
       Dungeon |   7788 |   7532 |    256 |    356 |   5954 |   8 |  973.5 |
               +--------+--------+--------+--------+--------+-----+--------+

Top non-repeatable levels by time:
     D:5: 1352 daAuts
     D:7: 1346 daAuts
     D:4: 1221 daAuts
     D:3: 1108 daAuts
     D:6: 998 daAuts
     D:1: 795 daAuts
     D:2: 697 daAuts
     D:8: 268 daAuts
